 Dungeon Crawl Stone Soup version 0.18.1-47-g9310371 (webtiles) character file.

73217 Necrotakul the Bludgeoner (level 15, 0/143 HPs)
             Began as a Minotaur Gladiator on June 22, 2016.
             Was the Champion of the Shining One.
             Shot with a bolt by an orc (8 damage)
             ... on level 2 of the Orcish Mines.
             The game lasted 01:24:27 (26105 turns).

Necrotakul the Bludgeoner (Minotaur Gladiator)     Turns: 26105, Time: 01:24:28

Health: 0/143      AC: 28    Str: 20    XL:     15   Next: 3%
Magic:  21/21      EV: 16    Int:  7    God:    the Shining One [******]
Gold:   1526       SH:  0    Dex: 22    Spells: 3 memorised, 11 levels left

rFire  + . .     SeeInvis .     O - +2 morningstar (protect)
rCold  + . .     Gourm    .     U - +3 chain mail {rC+}
rNeg   + + +     Faith    .     I - +0 buckler
rPois  .         Spirit   .     G - +1 hat
rElec  .         Dismiss  .     h - +0 cloak
rCorr  +         Reflect  .     A - +0 pair of gloves {Dex+3}
SustAt .         Harm     .     K - +2 pair of boots
MR     ++...                    B - amulet of Iqalasebb {RegenMP *Contam MR+ Dex+4}
Stlth  ..........               c - ring of protection from fire
                                Q - ring of resist corrosion

@: confused, divine shield, glowing, very resistant to hostile enchantments,
extremely unstealthy
A: retaliatory headbutt, horns 2
a: Divine Shield, Cleansing Flame, Summon Divine Warrior, Brand Weapon With Holy
Wrath, Renounce Religion


You were on level 2 of the Orcish Mines.
You worshipped the Shining One.
The Shining One was exalted by your worship.
You were not hungry.

You visited 4 branches of the dungeon, and saw 22 of its levels.
You also visited: Labyrinth, Ossuary, Bailey and Ice Cave.

You collected 2122 gold pieces.
You spent 596 gold pieces at shops.

Inventory:

Hand Weapons
 O - a +2 morningstar of protection (weapon)
Missiles
 Z - 15 javelins (quivered)
Armour
 h - a +0 cloak (worn)
 A - a +0 pair of gloves of dexterity (worn)
 G - a +1 hat (worn)
 I - a +0 buckler (worn)
 K - a +2 pair of boots (worn)
 U - a +3 chain mail of cold resistance (worn)
Rods
 D - a +3 iron rod (11/11)
   (You found it on level 8 of the Lair of Beasts)
Jewellery
 c - a ring of protection from fire (right hand)
 w - an uncursed ring of sustain attributes
 B - the amulet of Iqalasebb (around neck) {RegenMP *Contam MR+ Dex+4}
   (You acquired it on level 4 of the Lair of Beasts)

   [amulet of magic regeneration]

   It increases your magic regeneration.
   It affects your dexterity (+4).
   It affects your resistance to hostile enchantments.
   It causes magical contamination when unequipped.
 Q - a ring of resist corrosion (left hand)
Wands
 e - a wand of digging (6/24)
 i - a wand of lightning (9/15)
 r - a wand of disintegration (5/24)
 t - a wand of heal wounds (0/9)
 S - a wand of iceblast (7/15)
 V - a wand of acid (5/15)
Scrolls
 d - a scroll of fear
 m - 6 scrolls of remove curse
 x - 6 scrolls of enchant armour
 y - 5 scrolls of amnesia
 H - 4 scrolls of enchant weapon
 L - 4 scrolls of immolation
 N - 4 scrolls of teleportation
 P - a scroll of blinking
 X - a scroll of summoning
Potions
 a - 4 potions of berserk rage
 g - 2 potions of might
 k - a potion of magic {unknown}
 n - 4 potions of flight
 o - 4 potions of cancellation
 p - 5 potions of brilliance
 q - 5 potions of curing
 u - a potion of agility {unknown}
 v - a potion of cure mutation {unknown}
 C - 2 potions of resistance
 J - a potion of experience {unknown}
Comestibles
 b - 3 slices of pizza
 f - 8 bread rations
 l - 8 fruits
 s - 5 beef jerkies
 z - a royal jelly
 E - 12 meat rations
 F - 4 chunks of flesh


   Skills:
 - Level 15.9 Fighting
 - Level 16.1 Maces & Flails
 - Level 2.0 Throwing
 - Level 12.4 Armour
 - Level 10.0 Dodging
 - Level 4.4 Shields
 + Level 4.9 Spellcasting
 - Level 10.2 Invocations


You had 11 spell levels left.
You knew the following spells:

 Your Spells              Type           Power        Failure   Level  Hunger
a - Dragon's Call         Summ           #.........   100%        9    #######
b - Apportation           Tloc           #.........   99%         1    #......
c - Blink                 Tloc           N/A          100%        2    ###....


Dungeon Overview and Level Annotations

Branches:
Dungeon (11/15)            Temple (1/1) D:6            Lair (8/8) D:11
 Shoals (0/4) Lair:6        Snake (0/4) Lair:4        Slime (0/6) Lair:6
    Orc (2/2) D:9             Elf (0/3) Orc:2

Altars:
Ashenzari
Cheibriados
Dithmenos
Elyvilon
Fedhas
Gozag
Kikubaaqudgha
Makhleb
Nemelex Xobeh
Okawaru
Pakellas
Qazlal
Ru
Sif Muna
Trog
Vehumet
Xom
Yredelemnul
Zin
The Shining One
Jiyva

Shops:
D:4 ?   D:8 (   D:10 [([:=   Orc:1 [


Innate Abilities, Weirdness & Mutations

You reflexively headbutt those who attack you in melee.
You have a pair of horns on your head.


Message History

The orc shoots a bolt.
The bolt hits you but does no damage.
The orc unwields an uncursed hand axe.
The orc wields an arbalest.
The orc shoots a bolt.
The bolt hits you but does no damage. The orc warrior closely misses you.
The orc warrior hits you with a trident of piercing.
* * * LOW HITPOINT WARNING * * *
x2 Your daeva hits the orc warrior with a scimitar of holy wrath!
Your daeva closely misses the orc warrior.
The orc warrior hits you with a scimitar.
* * * LOW HITPOINT WARNING * * *
The orc shoots a bolt.
The bolt misses you.
The orc shoots a bolt.
The bolt completely misses you. The orc warrior barely misses you.
The orc warrior closely misses you.
Your daeva calls down the wrath of the Shining One upon the orc warrior.
The orc warrior is smitten.
Unknown command.
The orc warrior hits you with a scimitar!
* * * LOW HITPOINT WARNING * * *
The orc shoots a bolt.
The bolt hits you!
You die...

.........≈≈≈# #≈≈≈.....
........≈≈# #≈≈......
#..##..##...###...##..#
.......(..............
.......o..............
#########o....#...#
##ooo.....##
##o()(......##
#####(@o(((.#....##
###.##)(A..#(####...#
##...))#(#(#### ##..##
#...)(###### #....####
###...().## ###.....##
#........(####
#........#
####........(..#
###.........
#.#........(.###
..#.........
##..........#####
#...........


You could see 3 orc warriors, 3 orcs and a friendly daeva.

Vanquished Creatures
  4 dire elephants (Lair:8)
  A minotaur (Lab)
  Harold (Orc:1)
  A catoblepas (Lair:1)
  An anaconda (Lair:8)
  The ghost of baghtru the Cleaver, a novice HOFi of Okawaru (Bailey)
  11 death yaks
  Urug (Orc:1)
  An orc high priest (Orc:1)
  An unseen horror (D:11)
  3 orc knights (Orc:2)
  The ghost of topkek the Shield-Bearer, a novice DsFi of Okawaru (D:4)
  3 griffons
  3 orc sorcerers
  4 cyclopes
  A manticore (D:11)
  15 elephants (Lair:8)
  3 ice statues
  Maurice (D:9)
  10 black mambas
  A centaur skeleton (D:10)
  22 spiny frogs
  6 komodo dragons
  4 rime drakes
  9 ice devils (IceCv)
  2 trolls
  20 blink frogs
  2 two-headed ogres
  A boulder beetle (Lair:8)
  4 spriggans
  A wyvern (D:8)
  47 yaks
  2 basilisks
  7 hippogriffs
  A hungry ghost (D:10)
  A warg (Orc:1)
  Menkaure (D:7)
  10 porcupines
  The ghost of vandaahl the Conjurer, an amateur DECj (Ossuary)
  17 water moccasins
  A swamp drake (D:11)
  6 sky beasts
  25 orc warriors
  4 black bears
  An ice beast (D:8)
  8 ogres
  2 phantoms
  2 wasps
  9 wolves
  20 centaurs
  21 crocodiles
  A big kobold (D:10)
  11 giant frogs
  5 gnoll sergeants (Bailey)
  2 wyvern skeletons
  4 water moccasin zombies (Ossuary)
  7 scorpions
  A water moccasin skeleton (D:8)
  15 wights
  7 howler monkeys (D:9)
  4 crimson imps
  2 jellies
  2 quasits
  A giant frog skeleton (D:5)
  6 gnoll shamans (Bailey)
  6 hounds
  12 orc priests
  10 worker ants
  Natasha (thrice) (D:4)
  9 iguanas
  15 orc wizards
  43 sheep
  3 big kobold zombies (Ossuary)
  A killer bee zombie (D:9)
  2 hound zombies
  3 mummies
  2 howler monkey zombies
  A worker ant zombie (D:5)
  20 gnolls
  21 adders
  46 river rats
  A shadow imp (D:6)
  9 white imps (IceCv)
  5 ufetubi (IceCv)
  5 oozes
  2 adder skeletons
  3 adder zombies (Ossuary)
  2 worms
  2 dart slugs (D:1)
  8 giant geckos
  88 orcs
  6 giant cockroaches
  14 goblins
  18 hobgoblins
  5 jackals
  A quokka (D:8)
  5 ball pythons
  13 bats
  3 giant gecko zombies
  6 giant newts
  3 gnoll zombies (Ossuary)
  6 hobgoblin zombies
  15 kobolds
  3 kobold zombies (Ossuary)
  7 orc zombies
  A quokka skeleton (D:5)
  9 rats
  2 plants
832 creatures vanquished.

Vanquished Creatures (collateral kills)
  A dire elephant (Lair:8)
1 creature vanquished.

Vanquished Creatures (others)
  3 ufetubi (IceCv)
  4 orcs (D:3)
  A kobold zombie (Ossuary)
  51 fungi
  22 plants
  4 toadstools (D:1)
85 creatures vanquished.

Grand Total: 918 creatures vanquished

Notes
Turn   | Place    | Note
--------------------------------------------------------------
     0 | D:1      | Necrotakul the Minotaur Gladiator began the quest for the Orb.
     0 | D:1      | Reached XP level 1. HP: 18/18 MP: 0/0
    62 | D:1      | Reached skill level 4 in Maces & Flails
   157 | D:1      | Reached XP level 2. HP: 24/25 MP: 1/1
   441 | D:1      | Reached skill level 5 in Maces & Flails
   490 | D:1      | Reached XP level 3. HP: 15/30 MP: 2/2
   798 | D:1      | Reached skill level 1 in Armour
   964 | D:2      | Found a basalt altar of Yredelemnul.
   965 | D:2      | Found an ancient bone altar of Kikubaaqudgha.
   965 | D:2      | Found a radiant altar of Vehumet.
   981 | D:2      | Found a blossoming altar of Fedhas.
  1430 | D:2      | Reached XP level 4. HP: 29/37 MP: 3/3
  2232 | D:3      | Reached XP level 5. HP: 4/42 MP: 4/4
  2828 | D:4      | Found Qiannoge's Magic Scroll Emporium.
  2839 | D:4      | Bought a scroll of identify for 24 gold pieces
  2839 | D:4      | Bought a scroll of amnesia for 42 gold pieces
  2839 | D:4      | Bought a scroll of identify for 24 gold pieces
  2839 | D:4      | Bought a scroll of fog for 24 gold pieces
  2847 | D:4      | Reached skill level 5 in Armour
  2865 | D:4      | Noticed Natasha
  2890 | D:4      | Killed Natasha
  3049 | D:4      | Noticed Natasha
  3056 | D:4      | Killed Natasha
  3056 | D:4      | Reached XP level 6. HP: 48/50 MP: 5/5
  3145 | D:4      | Found a sand-covered staircase.
  3151 | Ossuary  | Entered an ossuary
  3268 | Ossuary  | Noticed vandaahl's ghost (amateur DECj)
  3392 | Ossuary  | Reached XP level 7. HP: 31/56 MP: 6/6
  3640 | Ossuary  | Killed vandaahl's ghost
  3994 | D:4      | Noticed topkek's ghost (novice DsFi)
  4074 | D:4      | Found a shimmering altar of Xom.
  4074 | D:4      | Noticed Natasha
  4085 | D:4      | Killed Natasha
  4085 | D:4      | Reached skill level 5 in Fighting
  4209 | D:4      | Killed topkek's ghost
  4209 | D:4      | Reached XP level 8. HP: 37/74 MP: 4/7
  4598 | D:5      | Entered Level 5 of the Dungeon
  4662 | D:5      | Reached skill level 5 in Dodging
  4975 | D:5      | Reached skill level 6 in Maces & Flails
  5209 | D:5      | Found a sacrificial altar of Ru.
  5225 | D:5      | Reached skill level 1 in Shields
  5502 | D:6      | Reached XP level 9. HP: 81/81 MP: 8/8
  5612 | D:6      | Found a deep blue altar of Sif Muna.
  5612 | D:6      | Found a white marble altar of Elyvilon.
  5801 | D:6      | Reached skill level 7 in Maces & Flails
  6029 | D:6      | Found a staircase to the Ecumenical Temple.
  6049 | Temple   | Entered the Ecumenical Temple
  6092 | Temple   | Became a worshipper of the Shining One
  6534 | D:7      | Reached skill level 8 in Maces & Flails
  6725 | D:7      | Reached skill level 9 in Maces & Flails
  6945 | D:7      | Noticed Menkaure
  6950 | D:7      | Killed Menkaure
  6981 | D:7      | Reached * piety under the Shining One
  6999 | D:7      | Reached skill level 10 in Maces & Flails
  7297 | D:7      | Found an iron altar of Okawaru.
  7573 | D:8      | Reached skill level 11 in Maces & Flails
  7580 | D:8      | Reached XP level 10. HP: 86/88 MP: 9/9
  7800 | D:8      | Found a shattered altar of Ashenzari.
  7903 | D:8      | Reached ** piety under the Shining One
  7948 | D:8      | Found Onahuelu's Antique Weapon Shoppe.
  7988 | D:8      | Reached skill level 12 in Maces & Flails
  8409 | D:4      | Bought a scroll of enchant weapon for 90 gold pieces
  8409 | D:4      | Bought a scroll of immolation for 42 gold pieces
  8409 | D:4      | Bought a scroll of enchant armour for 90 gold pieces
  8639 | D:9      | Reached skill level 13 in Maces & Flails
  8667 | D:9      | Noticed Maurice
  8687 | D:9      | Killed Maurice
  8869 | D:9      | Reached skill level 14 in Maces & Flails
  8883 | D:9      | Found a staircase to the Orcish Mines.
  9393 | D:9      | Reached *** piety under the Shining One
  9533 | D:10     | Entered Level 10 of the Dungeon
  9553 | D:10     | Found Yhymonk's Antique Armour Boutique.
  9569 | D:10     | Bought a pair of gloves for 103 gold pieces
  9583 | D:10     | Found Giniutiz's Book Emporium.
  9587 | D:10     | Found Delan's Jewellery Boutique.
  9667 | D:10     | Reached XP level 11. HP: 94/94 MP: 10/10
  9676 | D:10     | Found Nedoserr's Weapon Boutique.
  9683 | D:10     | Found Riuruima's Armour Shoppe.
  9708 | D:10     | Found a flagged portal.
  9717 | Bailey   | Entered a bailey
  9730 | Bailey   | Reached skill level 15 in Maces & Flails
  9775 | Bailey   | Noticed SataraUzumaki's ghost (novice SpEn)
  9780 | Bailey   | Noticed baghtru's ghost (novice HOFi)
  9861 | Bailey   | Reached skill level 1 in Invocations
 10102 | Bailey   | Killed baghtru's ghost
 11795 | D:11     | Reached skill level 5 in Invocations
 11919 | D:11     | Noticed an unseen horror
 11925 | D:11     | Killed an unseen horror
 12023 | D:11     | Found a labyrinth entrance.
 12028 | Lab      | Entered a labyrinth
 12252 | Lab      | Noticed a minotaur
 12261 | Lab      | Killed a minotaur
 12261 | Lab      | Reached skill level 10 in Armour
 12381 | D:11     | Reached **** piety under the Shining One
 12862 | D:11     | Found a staircase to the Lair.
 13047 | D:11     | Reached XP level 12. HP: 99/102 MP: 15/15
 13322 | Lair:1   | Entered Level 1 of the Lair of Beasts
 13507 | Lair:1   | Noticed a catoblepas
 13522 | Lair:1   | Killed a catoblepas
 13725 | Lair:1   | Reached skill level 10 in Dodging
 13827 | Lair:1   | Reached ***** piety under the Shining One
 14226 | Lair:2   | Reached skill level 10 in Fighting
 16033 | Lair:4   | Identified a scroll of acquirement
 16037 | Lair:4   | Got a warped steel amulet
 16044 | Lair:4   | Found a staircase to the Snake Pit.
 16125 | Lair:4   | Reached skill level 10 in Invocations
 16125 | Lair:4   | Reached XP level 13. HP: 113/113 MP: 19/19
 16201 | Lair:4   | Learned a level 9 spell: Dragon's Call
 16522 | Lair:4   | Identified the amulet of Iqalasebb {RegenMP *Contam MR+ Dex+4} (You acquired it on level 4 of the Lair of Beasts)
 17369 | Lair:5   | You fall through a shaft for 2 floors!
 17409 | Lair:6   | Reached skill level 16 in Maces & Flails
 18093 | Lair:6   | Found a staircase to the Shoals.
 18480 | Lair:6   | Found a staircase to the Slime Pits.
 18480 | Lair:6   | Found a viscous altar of Jiyva.
 18998 | Lair:7   | Learned a level 1 spell: Apportation
 19001 | Lair:7   | Learned a level 2 spell: Blink
 20256 | Lair:8   | Entered Level 8 of the Lair of Beasts
 20554 | Lair:8   | Reached XP level 14. HP: 106/132 MP: 20/20
 20710 | Lair:8   | Reached skill level 15 in Fighting
 22898 | Lair:8   | Got a heavily runed bone amulet
 22903 | Lair:8   | Identified the amulet of Sin {Gourm rN+} (You found it on level 8 of the Lair of Beasts)
 23883 | Orc:1    | Entered Level 1 of the Orcish Mines
 23939 | Orc:1    | Noticed Urug
 23941 | Orc:1    | Noticed Harold
 23947 | Orc:1    | Reached skill level 1 in Spellcasting
 23962 | Orc:1    | Killed Harold
 23971 | Orc:1    | Killed Urug
 24078 | Orc:1    | Found Rixaqav's Antique Armour Boutique.
 24086 | Orc:1    | Bought a pair of glowing gloves for 157 gold pieces
 24130 | Orc:1    | Found a frozen archway.
 24139 | IceCv    | Entered an ice cave
 24665 | IceCv    | Reached ****** piety under the Shining One
 25615 | Orc:2    | Entered Level 2 of the Orcish Mines
 25785 | Orc:2    | Found a staircase to the Elven Halls.
 26065 | Orc:2    | Reached XP level 15. HP: 97/143 MP: 17/21
 26101 | Orc:2    | HP: 7/143 [orc warrior/trident of piercing (9)]
 26105 | Orc:2    | Shot with a bolt by an orc

Skill      XL: |  1  2  3  4  5  6  7  8  9 10 11 12 13 14 |
---------------+-------------------------------------------+-----
Maces & Flails | 4 5 6 11 14 15 16 | 16.1
Armour         | 2 4 6 8 10 12 | 12.4
Fighting       | 8 10 14 15 | 15.9
Dodging        | 6 8 10 | 10.0
Shields        | 1 4 |  4.4
Invocations    | 6 10 | 10.2
Spellcasting   | 4 |  4.9
Throwing       | |  2.0

Action                   |  1- 3 |  4- 6 |  7- 9 | 10-12 | 13-15 || total
-------------------------+-------+-------+-------+-------+-------++-------
Melee: Flail             |    84 |   182 |   207 |       |       ||   473
       Headbutt          |    12 |    35 |    82 |   188 |   364 ||   681
       Morningstar       |       |       |   220 |  1035 |  1109 ||  2364
Throw: Tomahawk          |       |       |     2 |     4 |       ||     6
Invok: Divine Shield     |       |       |       |     3 |     8 ||    11
       Summon Divine War |       |       |       |       |     2 ||     2
Evoke: Wand              |       |       |     1 |     6 |     2 ||     9
  Use: Scroll            |       |    10 |     5 |    18 |     8 ||    41
       Potion            |       |       |       |     8 |     3 ||    11
 Stab: Paralysed         |       |       |     1 |       |       ||     1
  Eat: Chunk             |     1 |     6 |     9 |    28 |    32 ||    76
       Meat ration       |       |       |     1 |       |       ||     1
       Pizza             |       |       |       |     1 |       ||     1
       Royal jelly       |       |       |       |       |     1 ||     1
Armor: Leather armour    |     7 |       |       |       |       ||     7
       Ring mail         |    16 |    35 |       |       |       ||    51
       Chain mail        |       |    76 |   203 |   554 |   436 ||  1269
Dodge: Dodged            |    51 |   107 |   155 |   507 |   522 ||  1342
Block: Buckler           |       |       |    51 |   276 |   349 ||   676
